 Dungeon Crawl Stone Soup version 0.17-a0-2055-gb4e23be (webtiles) character file.

657 4thArraOfDagon the Ruffian (level 7, -21/70 HPs)
             Began as a Troll Monk on Oct 11, 2015.
             Was a Believer of Cheibriados.
             Demolished by a two-headed ogre
             ... wielding a +0 giant club
              (23 damage)
             ... on level 7 of the Dungeon.
             The game lasted 00:05:30 (1040 turns).

4thArraOfDagon the Ruffian (Troll Monk)             Turns: 1040, Time: 00:05:30

Health: -21/70     AC:  5    Str: 24      XL:     7   Next: 29%
Magic:  4/6        EV: 12    Int: 10 (12) God:    Cheibriados [**....]
Gold:   118        SH:  0    Dex: 16      Spells: 0 memorised, 6 levels left

rFire  . . .     SeeInvis .       - Unarmed
rCold  . . .     Clarity  .     a - +0 robe
rNeg   . . .     SustAt   .     (no shield)
rPois  .         Gourm    +     (helmet restricted)
rElec  .         Spirit   .     (no cloak)
rCorr  .         Warding  .     (gloves unavailable)
rMut   .         Stasis   .     (boots unavailable)
MR     .....                    (no amulet)
Stlth  ++........               (no ring)
                                (no ring)

@: lethally poisoned (-21 -> -23), very slow, not resistant to hostile
enchantments, unstealthy
A: unfitting armour, claws 3, fast metabolism 3, gourmand, regeneration 2,
shaggy fur 1, tough skin 2
a: Bend Time, Renounce Religion


You were on level 7 of the Dungeon.
You worshipped Cheibriados.
Cheibriados was pleased with you.
You were very full.

You visited 2 branches of the dungeon, and saw 8 of its levels.
You also visited: Ossuary.

You collected 160 gold pieces.
You spent 42 gold pieces at shops.

Inventory:

Armour
 a - a +0 robe (worn)
Wands
 u - a wand of paralysis (12)
Scrolls
 j - 5 scrolls of identify {unknown}
 m - a scroll of noise {unknown}
 n - 5 scrolls of random uselessness {unknown}
 q - a scroll of teleportation {unknown}
 r - a scroll of amnesia {unknown}
 s - 2 scrolls of enchant armour {unknown}
 t - a scroll of remove curse {unknown}
Potions
 d - 2 potions of poison
 e - a potion of cure mutation {unknown}
 g - a potion of ambrosia {unknown}
 i - 3 potions of curing {unknown}
 k - a potion of degeneration
 l - 2 potions of mutation {unknown}
 o - a potion of cancellation {unknown}
 p - 2 potions of flight
Comestibles
 b - 4 bread rations
 c - a royal jelly
 f - a chunk of flesh
 h - 2 meat rations


   Skills:
 + Level 4.1 Fighting
 + Level 4.0 Dodging
 - Level 1.1 Stealth
 * Level 6.8 Unarmed Combat
 + Level 0.8 Invocations


You had 6 spell levels left.
You didn't know any spells.

Dungeon Overview and Level Annotations

Branches:
Dungeon (7/15)             Temple (1/1) D:5

Altars:
Cheibriados
Dithmenos
Fedhas
Qazlal
Ru
Trog
Xom
Yredelemnul
Zin
The Shining One

Shops:
D:4 :?   D:7 (


Innate Abilities, Weirdness & Mutations

You are too large for most types of armour.
You have claws for hands.
Your metabolism is lightning-fast.
You like to eat raw meat.
You heal very quickly.
You are covered in fur (AC +1).
You have very tough skin (AC +2).


Message History

The two-headed ogre completely misses you.
Unknown command.
Unknown command.
Unknown command.
Drink which item? (? for menu, Esc to quit)
It was a potion of poison.
That liquid tasted very nasty...
You are poisoned.
You feel sick.
Unknown command.
Enter note: NICE POTION Unknown command.
Drink which item? (? for menu, Esc to quit)
It was a potion of degeneration.
There was something very wrong with that liquid.
You feel dopey.
You feel sick.
The two-headed ogre hits you with a giant club.
* * * LOW HITPOINT WARNING * * *
The two-headed ogre hits you with a giant club!!
You die...

#.∩ ### #.>
#<# #.. #.#
#..########.#
#O.#........#
#..#@########
#####..#O#
#......†.#
#####..###
..... +.###.#
#. ##


You could see a two-headed ogre.

Vanquished Creatures
  A water moccasin (D:7)
  An ice beast (D:5)
  2 hounds
  A human zombie (Ossuary)
  2 centaur zombies (Ossuary)
  A giant frog skeleton (D:4)
  A jelly (D:7)
  An orc wizard (D:4)
  2 worker ants (D:4)
  A big kobold zombie (Ossuary)
  5 mummies (Ossuary)
  5 adders
  An ooze (D:2)
  An adder skeleton (D:4)
  A worm (D:5)
  3 giant geckos
  6 orcs
  2 ball pythons
  A bat (D:1)
  4 jackals
  2 giant newts
  3 gnoll zombies (Ossuary)
  3 goblins
  A kobold (D:1)
  A rat (D:1)
52 creatures vanquished.

Notes
Turn   | Place    | Note
--------------------------------------------------------------
     0 | D:1      | 4thArraOfDagon the Troll Monk began the quest for the Orb.
     0 | D:1      | Reached XP level 1. HP: 22/22 MP: 0/0
    73 | D:2      | Reached XP level 2. HP: 15/29 MP: 1/1
   122 | D:3      | Reached XP level 3. HP: 27/36 MP: 2/2
   324 | D:4      | Found a sand-covered staircase.
   330 | Ossuary  | Entered an ossuary
   352 | Ossuary  | Reached XP level 4. HP: 26/45 MP: 3/3
   373 | Ossuary  | Reached skill level 5 in Unarmed Combat
   407 | Ossuary  | Reached XP level 5. HP: 45/53 MP: 4/4
   569 | D:4      | Reached XP level 6. HP: 50/61 MP: 5/5
   597 | D:4      | Found Qiefud Qurph's Book Boutique.
   628 | D:4      | Found Ashoithre's Magic Scroll Boutique.
   633 | D:4      | Reached skill level 6 in Unarmed Combat
   676 | D:4      | Bought a scroll of magic mapping for 42 gold pieces
   703 | D:5      | Entered Level 5 of the Dungeon
   808 | D:5      | Reached XP level 7. HP: 48/70 MP: 6/6
   828 | D:5      | Found a staircase to the Ecumenical Temple.
   837 | Temple   | Entered the Ecumenical Temple
   853 | Temple   | Became a worshipper of Cheibriados the Contemplative
   853 | Temple   | Acquired Cheibriados's first power
  1027 | D:7      | Found Beriatz's Antique Weapon Shop.
  1027 | D:7      | Noticed a two-headed ogre
  1040 | D:7      | NICE POTION
  1040 | D:7      | HP: 2/70 [two-headed ogre/giant club (4)]
  1040 | D:7      | Demolished by a two-headed ogre

Vault maps used:
D:1:      dpeg_arrival_windows_large_door, minmay_misc_feat_square
D:2:      serial_park_tiny_2, kennysheep_potato
D:3:      first_bread, tgw_kikubaaqudgha
D:4:      enter_ossuary_5, serial_shops, nicolae_shop_statue_plus, shop,
          nicolae_shop_crystal, nicolae_shop_waterfront
D:5:      vehumet_crystals, grunt_temple_overflow_opulence,
          lemuel_temple_firewalk_marked, grunt_ministairs_15
D:6:      nicolae_overflow_hidden_temple
D:7:      nicolae_overflow_crystal_walls, okawaru_ov_weapons_minmay,
          serial_shops, shop, grunt_ogre_cave, kennysheep_small_square
Temple:   triangle_lava_temple_12
Ossuary:  ossuary_crypta

Action                   |  1- 3 |  4- 6 |  7- 9 || total
-------------------------+-------+-------+-------++-------
Melee: Unarmed           |    39 |   105 |    12 ||   156
Invok: Bend Time         |       |       |     1 ||     1
Evoke: Wand              |       |       |     1 ||     1
  Use: Potion            |       |     1 |     2 ||     3
       Scroll            |       |     1 |       ||     1
 Stab: Sleeping          |     1 |       |     3 ||     4
  Eat: Chunk             |     9 |     3 |     2 ||    14
